 Dungeon Crawl Stone Soup version 0.27.0-1-g7a089689b8 (webtiles) character file.

Game seed: 7955897539563838033

382 Sin92 the Cudgeller (level 6, 0/48 HPs)
             Began as a Demonspawn Fighter on Aug 4, 2021.
             Killed from afar by Eustachio (1 damage)
             ... with a puff of flame
             ... on level 5 of the Dungeon.
             The game lasted 00:11:48 (4269 turns).

Sin92 the Cudgeller (Demonspawn Fighter)            Turns: 4269, Time: 00:11:48

Health: 0/48       AC: 12    Str: 17      XL:     6   Next: 47%
Magic:  6/6        EV:  3    Int: 10      God:
Gold:   184        SH:  9    Dex: 12 (13) Spells: 5/5 levels left

rFire    + . .     SeeInvis .   a - +0 flail
rCold    + . .     Faith    .   c - +0 kite shield
rNeg     . . .     Spirit   .   h - +0 plate armour
rPois    +         Reflect  .   (helmet restricted)
rElec    +         Harm     .   (no cloak)
rCorr    +         Rampage  .   g - +0 pair of gloves
Will     .....                  (no boots)
Stlth    ..........             j - amulet of regeneration
HPRegen  1.16/turn              (no ring)
MPRegen  0.10/turn              (no ring)

@: resistant
A: antennae 1, foul stench 2
a: no special abilities


You were on level 5 of the Dungeon.
You visited 1 branch of the dungeon, and saw 5 of its levels.

You collected 184 gold pieces.

Inventory:

Hand Weapons
 a - a +0 flail (weapon)
 e - a +0 whip
Missiles
 l - 7 javelins (quivered)
Armour
 b - a +0 scale mail
 c - a +0 kite shield (worn)
 f - a +0 chain mail
 g - a +0 pair of gloves (worn)
 h - a +0 plate armour (worn)
Jewellery
 j - an amulet of regeneration (around neck)
Scrolls
 i - a scroll of noise
 k - 2 scrolls of immolation
 m - 2 scrolls of identify


   Skills:
 + Level 4.0 Fighting
 * Level 4.0 Maces & Flails
 + Level 3.5 Armour
 + Level 2.1 Dodging
 + Level 3.6 Shields


You had 5 spell levels left.
You didn't know any spells.
Your spell library contained the following spells:

 Spells                   Type           Power      Damage    Failure   Level
 Corona                   Hex            0%         N/A       100%        1
 Ensorcelled Hibernation  Hex/Ice        0%         N/A       100%        2
 Gell's Gravitas          Tloc           0%         N/A       100%        3
 Lesser Beckoning         Tloc           0%         N/A       100%        3
 Teleport Other           Tloc           0%         N/A       100%        3
 Tukima's Dance           Hex            0%         N/A       100%        3


Dungeon Overview and Level Annotations

Branches:
Dungeon (5/15)
 Temple: D:4-7

Altars:
Vehumet

Shops:
D:2 (

Annotations:
D:5 Eustachio


Innate Abilities, Weirdness & Mutations

You have a pair of small antennae on your head.
You sometimes emit foul miasma when damaged in melee.


Message History

Eustachio is lightly wounded.
Eustachio hits you with a +1 vorpal falchion.
The quokka bites you.
* * * LOW HITPOINT WARNING * * *
The river rat is engulfed in dark miasma.
The river rat is poisoned.
The river rat seems to slow down.
You block the river rat's attack. The rat bites you.
* * * LOW HITPOINT WARNING * * *
Eustachio zaps a wand.
The puff of flame hits you!
* * * LOW HITPOINT WARNING * * *
You block the quokka's attack.
Unknown command.
You closely miss Eustachio.
Eustachio is lightly wounded.
The rat bites you but does no damage. You block the quokka's attack.
You block Eustachio's attack.
The river rat is engulfed in dark miasma.
The river rat looks even sicker.
You kill the river rat!
The river rat's corpse disappears in a puff of smoke!
The rat bites you but does no damage.
It was a potion of resistance.
You feel protected.
You feel a little less mighty now.
The quokka bites you but does no damage.
You block Eustachio's attack. You block the rat's attack.
You barely miss Eustachio.
Eustachio is lightly wounded.
The quokka bites you but does no damage.
Eustachio completely misses you.
The quokka bites you but does no damage.
You block the rat's attack.
Eustachio hits you with a +1 vorpal falchion.
* * * LOW HITPOINT WARNING * * *
x2 You thump Eustachio!
Eustachio is moderately wounded.
The quokka bites you but does no damage.
The rat bites you.
* * * LOW HITPOINT WARNING * * *
Eustachio zaps a wand.
The puff of flame hits you. You resist.
You die...

.##.# ...........# .##.#
#......<..# .##.# #
##.........#.# ....#
#.#............. .######
#.#.............
......##
#.......###..#..
.......# ###..r### #
..##..## #.r°#
.###..########.r@#####
.# #..##...(....@.......
.# #....................
.####.##...............#
.##...########...#######
.##.### #...# ###.#
#...# #.# #...# #.#
#...#


You could see Eustachio, a river rat (summoned), a quokka (summoned) and a rat
(summoned).

Vanquished Creatures
  A water moccasin skeleton (D:4)
  A centaur zombie (D:5)
  A hound (D:4)
  A bullfrog skeleton (D:5)
  An iguana (D:4)
  2 orc wizards (D:3)
  6 adders
  An ufetubus (D:5)
  2 adder skeletons (D:4)
  2 worms
  2 dart slugs
  5 orcs
  5 endoplasms
  6 giant cockroaches
  6 goblins
  11 hobgoblins
  5 jackals
  5 quokkas
  8 ball pythons
  3 bats
  3 frilled lizards
  8 kobolds
  4 rats
89 creatures vanquished.

Notes
Turn   | Place    | Note
-------+----------+-------------------------------------------
     0 | D:1      | Sin92 the Demonspawn Fighter began the quest for the Orb.
     0 | D:1      | Reached XP level 1. HP: 18/18 MP: 1/1
   378 | D:1      | Gained mutation: You may rarely emit foul miasma when
                  | damaged in melee. [demonic ancestry]
   378 | D:1      | Reached XP level 2. HP: 24/24 MP: 2/2
   795 | D:1      | Found a faded altar of an unknown god.
  1149 | D:2      | Reached XP level 3. HP: 4/29 MP: 3/3
  1150 | D:2      | HP: 1/29 [poisoned by an adder]
  1651 | D:2      | Reached skill level 1 in Dodging
  1815 | D:2      | Found Amatylel's Weapon Boutique.
  1818 | D:2      | Found a radiant altar of Vehumet.
  1902 | D:2      | Reached XP level 4. HP: 6/35 MP: 4/4
  3325 | D:3      | Gained mutation: You have a pair of small antennae on your
                  | head. [demonic ancestry]
  3325 | D:3      | Reached XP level 5. HP: 41/41 MP: 5/5
  3694 | D:4      | Gained mutation: You sometimes emit foul miasma when
                  | damaged in melee. [demonic ancestry]
  3694 | D:4      | Reached XP level 6. HP: 48/48 MP: 6/6
  4075 | D:5      | Entered Level 5 of the Dungeon
  4217 | D:5      | Noticed Eustachio
  4265 | D:5      | HP: 2/48 [Eustachio/puff of flame (7)]
  4269 | D:5      | Killed from afar by Eustachio

Illustrated notes

Levels and vault maps discovered:
D:1:      dpeg_arrival_more_subterranean_lakeside_camping, layout_basic,
          ebering_ecumenical_altar_petrified
D:2:      layout_rooms, serial_shops, nicolae_diamond_shop, basic_altar,
          minmay_surrounded
D:3:      layout_basic, minmay_curled_crystal
D:4:      layout_cave_pools
D:5:      layout_loops_cross, makhleb_grotto_becter, uniq_eustachio

Skill      XL: |  1  2  3  4  5  6 |
---------------+-------------------+-----
Maces & Flails | 2 3 4 |  4.0
Dodging        | 1 2 |  2.1
Shields        | 3 |  3.6
Armour         | 3 |  3.5
Fighting       | 4 |  4.0

Action                   |  1- 3 |  4- 6 || total
-------------------------+-------+-------++-------
Melee: Flail             |   138 |   252 ||   390
  Use: Scroll            |     1 |     4 ||     5
       Potion            |       |     2 ||     2
Armor: Scale mail        |    12 |       ||    12
       Plate armour      |    68 |   270 ||   338
       Chain mail        |    10 |       ||    10
Dodge: Dodged            |    27 |    41 ||    68
Block: Kite shield       |    77 |   182 ||   259
